Cogmind - Beta 15 @@@ ROGUE MODE // 2025.10.03 @ 16:01:38 Player: beans Result: Destroyed by P-80 Master with Gamma Rifle Performance ------------- Evolutions (7) 3500 Regions Visited (19) 3800 Robots Destroyed (206) 1030 Value Destroyed (7299) 7299 Prototype IDs (48) 960 Alien Tech Used (0) 0 Bonus (3443) 3443 TOTAL SCORE: 20032 Bonus ------- High Alert Combat Kills 787 Follower Combat Kills 1088 Entered DSFs 500 Aligned with FarCom 300 Met Warlord at Base 500 MAIN.C Attacked Warlord 500 Warlord Defense Kills 622 Friendly Fire -854 Cogmind --------- Core Integrity 0/1300 Matter 218/300 Energy 100/100 System Corruption 13% Temperature Cool (0) Movement Core (50) Location -3/Research Parts ------- > --- POWER (2) -------- (None) > --- PROPULSION (7) --- (None) > --- UTILITY (8) ------ Experimental Optical Array Improved Signal Interpreter Transport Network Coupler Experimental Core Analyzer > --- WEAPON (4) ------- (None) > --- INVENTORY (5) ---- Skeleton Box Advanced Plasma Rifle Quantum Rifle Nova Cannon Peak State ------------ > --- POWER ------------ Backup Power III Improved Quantum Reactor > --- PROPULSION ------- Improved Antigrav System Improved Gyrokinetic Inverter Improved Gyrokinetic Inverter Improved Gyrokinetic Inverter > --- UTILITY ---------- Advanced Cooling System Experimental Optical Array Improved Signal Interpreter Transport Network Coupler Experimental Core Analyzer Improved Weapon Cycler Advanced System Shield > --- WEAPON ----------- Heavy Autocannon > --- INVENTORY -------- Skeleton Box Hypervelocity Mass Driver Heavy Rocket Launcher Rocket Array Advanced Remote Datajack [Rating: 100] Favorites ----------- Power Micro Nuclear Core Engine Light Angular Momentum Engine Power Core Micro Nuclear Core Reactor Antimatter Reactor Propulsion Improved Gyrokinetic Inverter Treads Medium Treads Leg Improved Thunder Leg Hover Unit Improved Gyrokinetic Inverter Flight Unit Flight Unit Utility Improved Signal Interpreter Device Weapon Cycler Storage Matter Compressor Processor Improved Signal Interpreter Hackware Advanced System Shield Protection Reflective Plating Weapon Phase Cannon Energy Gun Wave Gun Energy Cannon Phase Cannon Ballistic Gun Minigun Ballistic Cannon Mini Assault Cannon Launcher Heavy Rocket Launcher Special Weapon Advanced Remote Datajack Impact Weapon Impact Mace Build | -11 -10 -10 -10 -9 -8 -7 -7 -7 -6 -6 -6 -5 -5 -5 -5 -4 -4 -4 -3 ------- Run | Yrd Mat Min Exi Min Mat Fac Was Fac Fac Was Fac Fac Upp Upp War Pro Fac DSF Res Slots Evolved 14 | . . . . . 4 2 . . 2 . . 2 . . . . 2 . 2 Power 1 | . . . . . . . . . 1 . . . . . . . . . . Propulsion 5 | . . . . . 2 . . . 1 . . 1 . . . . . . 1 Utility 6 | . . . . . 2 2 . . . . . 1 . . . . 1 . . Weapon 2 | . . . . . . . . . . . . . . . . . 1 . 1 Parts Attached 154 | . 2 2 . 6 33 39 1 1 13 13 6 15 3 . 9 2 1 1 7 Power 16 | . . . . . 3 4 . . 1 2 1 4 . . 1 . . . . Engine 9 | . . . . . 3 3 . . . . . 3 . . . . . . . Core 3 | . . . . . . 1 . . 1 . 1 . . . . . . . . Reactor 4 | . . . . . . . . . . 2 . 1 . . 1 . . . . Propulsion 43 | . 1 1 . 1 6 12 . . 5 4 1 6 1 . 1 . . 1 3 Treads 3 | . . . . 1 . . . . 2 . . . . . . . . . . Leg 2 | . . . . . . . . . . . . . . . . . . . 2 Wheel . | . . . . . . . . . . . . . . . . . . . . Hover 33 | . . . . . 6 11 . . 3 3 1 6 1 . 1 . . . 1 Flight 5 | . 1 1 . . . 1 . . . 1 . . . . . . . 1 . Utility 39 | . . . . 4 10 7 1 1 3 4 . 2 2 . 4 . . . 1 Device 21 | . . . . 2 3 5 1 1 2 4 . 1 1 . 1 . . . . Storage 2 | . . . . . . . . . 1 . . . . . . . . . 1 Processor 8 | . . . . 1 1 2 . . . . . . 1 . 3 . . . . Hackware 2 | . . . . . 1 . . . . . . 1 . . . . . . . Protection 6 | . . . . 1 5 . . . . . . . . . . . . . . Artifact . | . . . . . . . . . . . . . . . . . . . . Weapon 56 | . 1 1 . 1 14 16 . . 4 3 4 3 . . 3 2 1 . 3 Energy Gun 15 | . . . . 1 3 5 . . . 1 . 1 . . 1 1 . . 2 Energy Cannon 8 | . . . . . . 2 . . 2 1 2 1 . . . . . . . Ballistic Gun 14 | . . . . . 7 4 . . 1 1 . . . . . . 1 . . Ballistic Cannon 7 | . . . . . 2 3 . . . . 1 . . . 1 . . . . Launcher 10 | . 1 1 . . 2 1 . . 1 . 1 1 . . 1 1 . . . Special Weapon 1 | . . . . . . . . . . . . . . . . . . . 1 Impact Weapon 1 | . . . . . . 1 . . . . . . . . . . . . . Slashing Weapon . | . . . . . . . . . . . . . . . . . . . . Piercing Weapon . | . . . . . . . . . . . . . . . . . . . . Special Melee Weapon . | . . . . . . . . . . . . . . . . . . . . Unidentified Prototypes 25 | . . . . 1 1 10 . . . 2 1 2 . . 4 . . . 4 Parts Lost 72 | . . 4 . . 12 17 . . 9 . 3 7 4 . 3 2 . 8 3 Power 9 | . . . . . 1 1 . . 1 . 2 1 . . 1 1 . 1 . Propulsion 29 | . . 2 . . 3 9 . . 5 . 1 3 2 . 1 . . 3 . Utility 16 | . . . . . 4 5 . . 2 . . 3 . . . . . . 2 Weapon 18 | . . 2 . . 4 2 . . 1 . . . 2 . 1 1 . 4 1 Highest Loss Streak 8 | . . 2 . . 7 4 . . 4 . 2 4 2 . 2 1 . 8 1 To Critical Strikes 2 | . . . . . . . . . 1 . . . . . . 1 . . . Average Backups 4 | . . . 2 2 3 4 4 5 4 5 5 4 4 4 4 4 5 5 3 Power . | . . . . . . . . . . . . . . . . . . . . Propulsion . | . . . . . . . . . . . . . . . . . . . . Utility . | . . . 1 . . . . 1 . . . . . . . . . . . Weapon 3 | . . . 1 1 2 3 3 3 3 4 4 3 3 3 2 2 3 2 1 Tool/Special . | . . . . . . . . . . . . . . . . . . . . Unused Backups 5 | . . . . . 1 2 . . . . . . 1 . . . . . 1 Power . | . . . . . . . . . . . . . . . . . . . . Propulsion . | . . . . . . . . . . . . . . . . . . . . Utility 1 | . . . . . . 1 . . . . . . . . . . . . . Weapon 4 | . . . . . 1 1 . . . . . . 1 . . . . . 1 Tool/Special . | . . . . . . . . . . . . . . . . . . . . Average Slot Usage (%) 72 | . 10 14 . 33 77 89 61 68 65 83 92 88 78 75 83 78 66 52 36 Engine 3 | . . . . . 6 5 . . . 3 . 6 11 11 8 3 . . . Core 1 | . . . . . . . 7 7 5 . . . . . . . . . . Reactor 1 | . . . . . . . . . . 9 10 1 . . 1 5 5 3 . Hover 17 | . . . . . 22 25 15 15 5 24 28 28 25 17 19 17 15 8 . Device 17 | . . . . 19 9 29 7 14 19 18 25 24 12 17 12 11 10 8 3 Processor 12 | . . . . . 11 11 15 15 13 13 13 11 12 17 21 23 21 21 19 Hackware 1 | . . . . . 2 . . . . . . . 5 5 5 5 5 5 3 Protection 1 | . . . . 3 8 . . . . . . . . . . . . . . Energy Gun 2 | . . . . 5 5 4 . . . 2 . . . . . 3 5 2 5 Energy Cannon 3 | . . . . . . 3 . . 9 9 12 7 8 . . . . . . Ballistic Gun 2 | . . . . . 10 4 . . 2 1 . 1 . 1 2 . 3 3 . Ballistic Cannon 1 | . . . . . . 1 7 7 . . . . . 1 4 . . . . Launcher 1 | . 7 7 . . . . 7 7 . . . . . . 2 4 . . . Peak Build Rating 100 | . 2 2 1 18 40 59 36 35 51 72 81 93 82 76 100 90 88 87 78 Average Rating 49 | . . 1 1 12 29 48 31 34 41 63 72 80 72 67 81 85 84 58 51 On Entrance 40 | . . 2 1 1 15 40 34 31 35 10 72 67 77 62 71 90 80 87 36 Naked Turns 536 | . 30 213 293 . . . . . . . . . . . . . . . . Heaviest Build 55 | . 3 3 . 7 28 30 24 19 33 55 55 49 32 37 42 37 32 31 11 Greatest Support 66 | 3 4 4 3 20 32 36 18 18 56 44 55 66 54 36 48 36 36 36 50 Greatest Overweight (x) 10 | . . . . 1 5 4 1 1 10 1 2 2 . 1 1 1 . 1 1 Average Overweight (x) . | . . . . . . . . . 1 . . . . . . . . . . Largest Inventory Capacity 5 | 5 5 5 5 5 5 5 5 5 5 5 5 5 5 5 5 5 5 5 5 Average Capacity 5 | 5 5 5 5 5 5 5 5 5 5 5 5 5 5 5 5 5 5 5 5 Most Carried 5 | . 2 4 5 5 5 5 5 5 5 5 5 5 5 5 5 5 5 5 5 Average Carried 4 | . . 2 4 4 4 4 4 5 4 4 4 4 4 4 4 4 5 4 3 Final Capacity 5 | 5 5 5 5 5 5 5 5 5 5 5 5 5 5 5 5 5 5 5 5 Final Carried 5 | . 1 4 5 5 5 4 5 5 5 5 5 5 5 5 4 5 5 4 4 Class Distribution -------------------- 42% | Mutant 29% | Scavenger-Mutant 12% | Scout 9% | Skirmisher 4% | Scavenger-Scout Dominant Class ---------------- Mutant | -10/Materials Mutant | -10/Mines Mutant | -10/Exiles Mutant | -9/Mines Mutant | -8/Materials Scout | -7/Factory Mutant | -7/Waste Mutant | -7/Factory Skirmisher | -6/Factory Scavenger-Mutant | -6/Waste Scavenger-Mutant | -6/Factory Scavenger-Mutant | -5/Factory Scavenger-Mutant | -5/Upper Caves Scavenger-Mutant | -5/Upper Caves Mutant | -5/Warlord Scavenger-Mutant | -4/Proximity Caves Scavenger-Scout | -4/Factory Scavenger-Scout | -4/DSF Scavenger-Skirmisher | -3/Research Resources | -11 -10 -10 -10 -9 -8 -7 -7 -7 -6 -6 -6 -5 -5 -5 -5 -4 -4 -4 -3 ----------- Run | Yrd Mat Min Exi Min Mat Fac Was Fac Fac Was Fac Fac Upp Upp War Pro Fac DSF Res Matter Collected 6419 | 200 40 210 . 50 1210 1420 709 17 631 368 248 479 40 107 401 184 . . 105 Remotely . | . . . . . . . . . . . . . . . . . . . . Salvage Created 10183 | . 69 124 . 92 1465 2518 1328 40 1009 511 870 1243 115 158 320 179 . 37 105 Parts 410 | . 10 6 . 6 77 123 . 4 36 19 34 58 3 6 9 5 . 9 5 Haulers Intercepted 18 | . . . . . 2 8 . 1 4 . 2 1 . . . . . . . Recyclers Shooed 9 | . . . . . 1 5 . . 2 . 1 . . . . . . . . Parts Field Recycled . | . . . . . . . . . . . . . . . . . . . . Retrieved Matter . | . . . . . . . . . . . . . . . . . . . . Parts Self-Destructed 13 | . . . . . . . . . . . . . 7 3 . 3 . . . Prevented . | . . . . . . . . . . . . . . . . . . . . Kills | -11 -10 -10 -10 -9 -8 -7 -7 -7 -6 -6 -6 -5 -5 -5 -5 -4 -4 -4 -3 ------- Run | Yrd Mat Min Exi Min Mat Fac Was Fac Fac Was Fac Fac Upp Upp War Pro Fac DSF Res Combat Hostiles Destroyed 130 | . 3 6 . 2 21 34 6 . 8 1 13 18 1 4 4 6 . 2 1 Guns 45 | . . . . 2 13 17 . . 4 . . 2 . 1 3 2 . . 1 Cannons 40 | . . . . . 3 10 1 . 3 1 8 12 1 . 1 . . . . AOE 43 | . 3 6 . . 5 7 5 . . . 4 4 . 3 . 4 . 2 . Classes Destroyed 19 | . 2 1 . 1 5 1 1 . . . 4 1 1 . 1 1 . . . Worker 22 | . . . . . 2 9 . 1 5 . 2 3 . . . . . . . Builder 11 | . 3 . . . 2 4 . . . . 1 1 . . . . . . . Tunneler 3 | . . . . . . . . . . . 3 . . . . . . . . Hauler 18 | . . . . . 2 8 . 1 4 . 2 1 . . . . . . . Recycler 10 | . . . . . 4 5 . . 1 . . . . . . . . . . Operator 3 | . . . . . 1 . . . 1 . 1 . . . . . . . . Watcher 8 | . . . . . 3 . . . . . 1 4 . . . . . . . Swarmer 16 | . . 1 . . . 3 . . 3 1 2 6 . . . . . . . Cutter 3 | . . . . . . . . . . . 1 . . . . . . 2 . Grunt 62 | . 3 5 . . 13 20 . . . . 5 8 . 3 2 3 . . . Brawler 4 | . . . . . . . . . . . 1 . . 1 1 1 . . . Duelist 1 | . . . . . . . . . . . . 1 . . . . . . . Sentry 22 | . . . . 2 8 5 . . 1 . 2 3 . . . . . . 1 Hunter 2 | . . . . . . . . . . . . . . . . 2 . . . Programmer 12 | . . . . . . 6 . . 4 . 1 . 1 . . . . . . Heavy 1 | . . . . . . . . . . . 1 . . . . . . . . Compactor 6 | . . . . . . . 6 . . . . . . . . . . . . Executioner 1 | . . . . . . . . . . . . . . . 1 . . . . Samaritan 1 | . . . . . . . . . . . . . 1 . . . . . . Thug 1 | . . . . . . . . . . . 1 . . . . . . . . Best Kill Streak 8 | . 6 8 . 1 4 7 2 2 3 1 6 5 1 4 2 4 . 2 1 Combat Bots Only 4 | . 2 3 . 1 3 4 2 . 3 1 3 4 1 4 2 4 . 2 1 Max Kills in Single Turn 3 | . 2 1 . 1 1 3 1 2 2 1 3 2 1 2 1 2 . 2 1 Gunslinging 1 | . . . . . . . . . 1 . . . . . . . . . . Exploded 3 | . 1 1 . . 1 3 1 . . . 2 2 . 2 . 2 . 2 . Melee . | . . . . . . . . . . . . . . . . . . . . Uniques/NPCs Destroyed . | . . . . . . . . . . . . . . . . . . . . Combat | -11 -10 -10 -10 -9 -8 -7 -7 -7 -6 -6 -6 -5 -5 -5 -5 -4 -4 -4 -3 -------- Run | Yrd Mat Min Exi Min Mat Fac Was Fac Fac Was Fac Fac Upp Upp War Pro Fac DSF Res Hostile Shots Fired 963 | . 7 20 10 10 173 260 . . 151 3 9 63 32 3 48 32 . 23 119 Missed 383 | . 5 9 6 1 47 113 . . 55 . 5 29 18 1 23 13 . 5 53 Hits 580 | . 2 11 4 9 126 147 . . 96 3 4 34 14 2 25 19 . 18 66 Melee 9 | . . . . . . . . . . . 1 1 . . . . . 7 . Projectile 571 | . 2 11 4 9 126 147 . . 96 3 3 33 14 2 25 19 . 11 66 AOE 9 | . . . . . . 4 . . . . 2 . . . 2 . . 1 . Critical Strikes 27 | . . . . . 5 4 . . 5 . . 4 . . 1 2 . 4 2 Part Disruptions 1 | . . . . . . . . . 1 . . . . . . . . . . Damage Taken 10203 | . 32 148 54 134 2000 2241 17 . 1180 45 386 653 260 27 626 310 . 525 1565 Core 3473 | . . 33 54 56 498 378 17 . 419 16 56 112 40 . 135 70 . 274 1315 Absorbed by Shields . | . . . . . . . . . . . . . . . . . . . . Ignored by Resistances 66 | . . . . . 42 14 . . . . . . . 10 . . . . . Regen/Repaired (Parts) 614 | . . . . . . . . . . 277 64 119 . . 154 . . . . Core Remaining (%) 53 | 100 . . . 42 9 . . 43 . . 42 . . . . 64 . 76 . Volleys Fired 669 | . 10 13 . 14 124 163 32 1 79 35 39 73 9 8 28 23 3 4 11 Largest 2 | . 1 1 . 1 2 2 2 2 2 2 2 2 2 2 2 2 1 2 2 Hottest 260 | . 30 30 . 65 119 143 79 79 170 240 210 210 70 96 260 260 40 116 182 Shots Fired 1101 | . 10 13 . 15 214 301 61 3 135 52 76 113 15 12 31 28 3 6 13 Gun 570 | . . . . 15 179 217 . . 51 31 . 25 . 4 12 19 3 5 9 Cannon 428 | . . . . . 23 74 31 1 83 21 72 86 15 4 18 . . . . Launcher 99 | . 10 13 . . 12 10 30 2 1 . 4 2 . 4 1 9 . 1 . Special 4 | . . . . . . . . . . . . . . . . . . . 4 Kinetic 515 | . . . . . 170 160 31 1 54 23 1 30 . 8 30 . 3 4 . Thermal 475 | . . . . 15 22 131 . . 80 29 71 81 15 . 1 20 . 1 9 Explosive 96 | . 10 13 . . 12 10 30 2 . . 4 2 . 4 . 8 . 1 . Electromagnetic 11 | . . . . . 10 . . . 1 . . . . . . . . . . Robot Hit Streak 15 | . 8 10 . 5 9 10 4 . 12 15 6 10 4 10 12 3 . 1 3 Robot Miss Streak 7 | . . 1 . 1 7 4 4 . 3 4 6 4 1 2 2 5 . 1 2 Penetration Max 2 | . . . . . . . . . 1 . . 1 . . 2 . . . . Secondary Targets 2 | . . . . . 1 . . . 1 . . . . . . . . . . Max Gunslinging Chain 1 | . . . . . 1 . . . 1 . . . . . . . . . . Shots Hit Robots 632 | . 8 7 . 11 133 178 30 . 80 24 29 71 4 8 25 15 . 2 7 Core Hits 377 | . 10 11 . 4 81 99 14 2 22 7 32 44 3 11 8 21 . 5 3 Critical Kills 17 | . . . . . 1 2 . . 3 1 2 4 . 1 3 . . . . Critical Parts Destroyed 19 | . . . . . . . . . 1 1 . 2 . 1 14 . . . . Critical Strikes 49 | . . . . . 2 8 . . 4 5 2 7 . 2 19 . . . . Burn 5 | . . . . . 1 4 . . . . . . . . . . . . . Meltdown 4 | . . . . . . . . . 2 . 2 . . . . . . . . Destroy 38 | . . . . . 1 2 . . 2 5 . 7 . 2 19 . . . . Blast 2 | . . . . . . 2 . . . . . . . . . . . . . Melee Attacks . | . . . . . . . . . . . . . . . . . . . . Impact . | . . . . . . . . . . . . . . . . . . . . Slashing . | . . . . . . . . . . . . . . . . . . . . Piercing . | . . . . . . . . . . . . . . . . . . . . Sneak Attacks . | . . . . . . . . . . . . . . . . . . . . Combat Hostiles . | . . . . . . . . . . . . . . . . . . . . Follow-up Attacks . | . . . . . . . . . . . . . . . . . . . . Damage Inflicted 23470 | . 554 571 . 178 2943 4682 4044 84 2541 396 2659 2226 134 437 500 1180 . 191 150 Guns 6528 | . . . . 178 1857 2749 . . 803 217 . 187 . 26 141 217 . 31 122 Cannons 7402 | . . . . . 346 1164 652 . 1738 179 1078 1781 134 37 293 . . . . Explosions 9512 | . 554 571 . . 740 769 3392 84 . . 1581 258 . 374 66 963 . 160 . Melee . | . . . . . . . . . . . . . . . . . . . . Ramming 28 | . . . . . . . . . . . . . . . . . . . 28 Kinetic 6613 | . . . . . 1896 2305 652 . 830 137 . 265 . 63 434 . . 31 . Thermal 7285 | . . . . 178 209 1608 . . 1711 259 1078 1703 134 . 66 217 . . 122 Explosive 9446 | . 554 571 . . 740 769 3392 84 . . 1581 258 . 374 . 963 . 160 . Electromagnetic 98 | . . . . . 98 . . . . . . . . . . . . . . Impact . | . . . . . . . . . . . . . . . . . . . . Slashing . | . . . . . . . . . . . . . . . . . . . . Piercing . | . . . . . . . . . . . . . . . . . . . . Highest Corruption 37 | . . . 1 1 . 9 37 37 2 2 2 . . . . . . . 13 Average Corruption 6 | . . . 1 1 . 4 23 37 1 2 2 . . . . . . . 5 Corruption Purged 1 | . . . . . . 1 . . . . . . . . . . . . . Corruption Blocked . | . . . . . . . . . . . . . . . . . . . . Effects 143 | . . . 1 3 . 56 21 26 10 13 11 . . . . . . . 2 Message Errors 41 | . . . . . . 17 3 11 2 3 4 . . . . . . . 1 Matter Fused 24 | . . . . . . 10 1 5 3 3 2 . . . . . . . . Heat Flow Errors 16 | . . . . . . 8 1 1 1 2 3 . . . . . . . . Energy Discharges 18 | . . . . 1 . 8 1 2 1 3 1 . . . . . . . 1 Parts Rejected 3 | . . . . . . . 3 . . . . . . . . . . . . Data Loss (minor) 17 | . . . . . . 5 5 5 1 1 . . . . . . . . . Data Loss (major) 5 | . . . 1 . . 2 . 1 1 . . . . . . . . . . Misfires 6 | . . . . 1 . 2 . 1 1 1 . . . . . . . . . Alerts 4 | . . . . 1 . 1 1 . . . 1 . . . . . . . . Misdirections 3 | . . . . . . . 3 . . . . . . . . . . . . Weapon Failures 6 | . . . . . . 3 3 . . . . . . . . . . . . Overload Shots 16 | . . . . . . 1 . . . 1 6 8 . . . . . . . Effects 2 | . . . . . . . . . . . 1 1 . . . . . . . Heat Surge 1 | . . . . . . . . . . . . 1 . . . . . . . Short Circuit 1 | . . . . . . . . . . . 1 . . . . . . . . Overflow Damage 579 | . 26 9 . . 30 . . . 249 . 141 64 . . . 4 . 56 . Projectiles 367 | . . . . . . . . . 249 . 54 64 . . . . . . . Explosions 212 | . 26 9 . . 30 . . . . . 87 . . . . 4 . 56 . Melee . | . . . . . . . . . . . . . . . . . . . . Knockbacks 20 | . . . . . 12 7 . . 1 . . . . . . . . . . Impact . | . . . . . . . . . . . . . . . . . . . . Kinetic 18 | . . . . . 11 6 . . 1 . . . . . . . . . . Secondary 2 | . . . . . 1 1 . . . . . . . . . . . . . Self-Inflicted Damage 439 | . 8 24 . . 52 95 17 . . . 147 . . . . 24 . 60 12 Shots 13 | . 1 2 . . 2 3 1 . . . 2 . . . . 1 . 1 . Rammed 7 | . . . . . . . . . . . . . . . . . . . 7 Targets Rammed 7 | . . . . . . . . . . . . . . . . . . . 7 Kicked . | . . . . . . . . . . . . . . . . . . . . Crushed . | . . . . . . . . . . . . . . . . . . . . Highest Temperature 499 | . 5 . . 127 242 334 260 83 198 499 185 158 32 105 220 207 . 25 417 Average Temperature 65 | . 5 . . 46 57 66 39 31 79 126 55 33 6 42 37 41 . 25 115 Received Heat Transfer 2457 | . 15 51 . 45 1071 516 . . 105 . 18 270 72 18 168 42 . 48 18 Effects 6 | . . . . . . . . . . 3 . . . . . . . . 3 Energy Bleed 1 | . . . . . . . . . . 1 . . . . . . . . . Interference 3 | . . . . . . . . . . . . . . . . . . . 3 Matter Decay 1 | . . . . . . . . . . 1 . . . . . . . . . Damage (minor) 1 | . . . . . . . . . . 1 . . . . . . . . . Siege Activations . | . . . . . . . . . . . . . . . . . . . . Martial Activations . | . . . . . . . . . . . . . . . . . . . . Shielding Activations . | . . . . . . . . . . . . . . . . . . . . Robots Disrupted . | . . . . . . . . . . . . . . . . . . . . Combat Hostiles . | . . . . . . . . . . . . . . . . . . . . Robots Corrupted . | . . . . . . . . . . . . . . . . . . . . Combat Hostiles . | . . . . . . . . . . . . . . . . . . . . Parts Fried 1 | . . . . . 1 . . . . . . . . . . . . . . Impact Corruptions . | . . . . . . . . . . . . . . . . . . . . Robots Melted 5 | . . . . . . . . . 2 . 3 . . . . . . . . Combat Hostiles 2 | . . . . . . . . . 1 . 1 . . . . . . . . Parts Melted 23 | . . . . 1 . 9 . . 4 . 7 2 . . . . . . . Heat Transferred 11271 | . . . . 407 518 3353 . . 1702 444 1510 2537 200 . 80 333 . . 187 Parts Sabotaged . | . . . . . . . . . . . . . . . . . . . . Parts Stolen . | . . . . . . . . . . . . . . . . . . . . Parts Stripped . | . . . . . . . . . . . . . . . . . . . . Power Chain Reactions 1 | . . . . . . 1 . . . . . . . . . . . . . Alert | -11 -10 -10 -10 -9 -8 -7 -7 -7 -6 -6 -6 -5 -5 -5 -5 -4 -4 -4 -3 ------- Run | Yrd Mat Min Exi Min Mat Fac Was Fac Fac Was Fac Fac Upp Upp War Pro Fac DSF Res Maximum Alert Level 5 | . . 1 . . 1 2 1 . . . 5 4 . . . . . . . Low Security (%) 74 | 100 100 68 . 100 85 61 60 100 100 100 35 . . . . . 100 100 100 Level 1 12 | . . 31 . . 14 32 39 . . . 12 . . . . . . . . Level 2 1 | . . . . . . 5 . . . . 9 . . . . . . . . Level 3 4 | . . . . . . . . . . . 26 31 . . . . . . . Level 4 6 | . . . . . . . . . . . 8 68 . . . . . . . Level 5 . | . . . . . . . . . . . 7 . . . . . . . . High Security . | . . . . . . . . . . . . . . . . . . . . Max Security . | . . . . . . . . . . . . . . . . . . . . Peak Influence 1662 | . 112 246 . 24 231 577 223 106 132 44 1662 1567 . . . . 31 41 30 Initial 802 | . . 43 . . . 95 199 80 . 44 . 802 . . . . 31 . 11 Average 220 | . 44 176 . 1 71 181 184 27 45 4 620 1255 . . . . 6 16 1 Influence Increases 7618 | . 139 327 120 40 716 1344 96 36 572 52 2234 1311 150 90 125 140 . 81 45 Destroy 0b10 Robot/C 3200 | . 60 180 . 40 420 680 . . 160 20 700 580 20 80 80 120 . 40 20 Destroy 0b10 Robot/NC 400 | . 15 . . . 70 130 . 10 55 . 75 45 . . . . . . . Destroy Leader 734 | . 20 40 . . 130 186 . 2 58 . 138 110 10 10 . 20 . . 10 Allied During Kill 1178 | . . 27 . . . . . . . 20 847 284 . . . . . . . Successful Hack 27 | . 7 . . . . . . . . . 15 5 . . . . . . . Disable Machine 600 | . . 15 . . 15 90 . . 135 . 300 45 . . . . . . . Anti-Garrison Action 150 | . . . . . . . . . . . . 150 . . . . . . . Destroy Structure 669 | . 37 65 . . 66 63 96 24 59 12 159 62 . . . . . 26 . Partial Spotted 60 | . . . . . . 45 . . . . . 15 . . . . . . . Lose Combat Pursuer 600 | . . . 120 . 15 150 . . 105 . . 15 120 . 45 . . 15 15 Influence Decreases 7618 | . 27 315 204 80 505 984 552 151 444 180 596 1426 764 223 901 90 50 60 66 Entered New Map 3218 | . . 69 124 40 . 116 372 35 . 84 . 836 564 173 776 . 19 . 10 Time Decay 3473 | . 27 206 60 40 405 698 180 116 354 96 376 440 160 50 105 80 31 . 49 Lost Part 637 | . . 40 . . 100 170 . . 90 . 30 70 40 . 20 10 . 60 7 Lost Ally 290 | . . . 20 . . . . . . . 190 80 . . . . . . . Squads Dispatched 52 | . 1 . . . 3 20 . 1 5 . 8 9 . . . . . 1 4 Investigation 7 | . . . . . 1 4 . . 1 . . 1 . . . . . . . Extermination 17 | . . . . . . 6 . 1 4 . 1 2 . . . . . . 3 Reinforcement 18 | . 1 . . . 1 7 . . . . 6 1 . . . . . 1 1 Assault 5 | . . . . . . . . . . . 1 4 . . . . . . . Garrison 5 | . . . . . 1 3 . . . . . 1 . . . . . . . Intercept . | . . . . . . . . . . . . . . . . . . . . Searches Triggered . | . . . . . . . . . . . . . . . . . . . . Construction Impeded 2 | . . . . . . 1 . . . . 1 . . . . . . . . Haulers Reinforced 5 | . . . . . . 4 . . . . 1 . . . . . . . . Active Scanning Responses . | . . . . . . . . . . . . . . . . . . . . Cargo Convoy Interrupts . | . . . . . . . . . . . . . . . . . . . . Stealth | -11 -10 -10 -10 -9 -8 -7 -7 -7 -6 -6 -6 -5 -5 -5 -5 -4 -4 -4 -3 --------- Run | Yrd Mat Min Exi Min Mat Fac Was Fac Fac Was Fac Fac Upp Upp War Pro Fac DSF Res Distress Signals 10 | . 1 . . 1 1 3 . . . . 2 1 . . 1 . . . . Communications Jammed . | . . . . . . . . . . . . . . . . . . . . Distress Signals . | . . . . . . . . . . . . . . . . . . . . Times Spotted 307 | . 8 8 6 2 39 52 6 . 24 1 32 31 12 4 56 7 . 6 13 Peak Tracking Total 20 | . 4 3 10 2 4 6 3 . 5 . 9 4 10 4 20 4 . 4 8 Tactical Retreats 24 | . . . 2 . 1 6 . . 5 . . 1 4 . 3 . . 1 1 Traps | -11 -10 -10 -10 -9 -8 -7 -7 -7 -6 -6 -6 -5 -5 -5 -5 -4 -4 -4 -3 ------- Run | Yrd Mat Min Exi Min Mat Fac Was Fac Fac Was Fac Fac Upp Upp War Pro Fac DSF Res Traps Triggered 28 | . . . . . 3 14 . 1 4 . 4 1 . . . . 1 . . Indirectly . | . . . . . . . . . . . . . . . . . . . . Trap Hack Attempts . | . . . . . . . . . . . . . . . . . . . . Triggered . | . . . . . . . . . . . . . . . . . . . . Disarmed . | . . . . . . . . . . . . . . . . . . . . Reprogrammed . | . . . . . . . . . . . . . . . . . . . . Reused . | . . . . . . . . . . . . . . . . . . . . Traps Extracted . | . . . . . . . . . . . . . . . . . . . . Installed 2 | . . . . . 1 . . . . . . . 1 . . . . . . Triggered . | . . . . . . . . . . . . . . . . . . . . Most Traps Carried 2 | . . 2 2 2 2 . . . . . . . . . . . . . . Machines | -11 -10 -10 -10 -9 -8 -7 -7 -7 -6 -6 -6 -5 -5 -5 -5 -4 -4 -4 -3 ---------- Run | Yrd Mat Min Exi Min Mat Fac Was Fac Fac Was Fac Fac Upp Upp War Pro Fac DSF Res Machines Disabled 41 | . . 1 . . 1 6 . . 9 . 20 4 . . . . . . . Max in Single Turn 4 | . . 1 . . 1 2 . . 4 . 3 1 . . . . . . . Garrison Access 2 | . . . . . . . . . . . 1 1 . . . . . . . Machines Repaired . | . . . . . . . . . . . . . . . . . . . . Machines Dismantled . | . . . . . . . . . . . . . . . . . . . . Machines Sabotaged . | . . . . . . . . . . . . . . . . . . . . Overloaded Fab Kills . | . . . . . . . . . . . . . . . . . . . . Hacking | -11 -10 -10 -10 -9 -8 -7 -7 -7 -6 -6 -6 -5 -5 -5 -5 -4 -4 -4 -3 --------- Run | Yrd Mat Min Exi Min Mat Fac Was Fac Fac Was Fac Fac Upp Upp War Pro Fac DSF Res Machines Accessed 33 | . 1 . 1 . . 9 . 1 . . 5 6 . . 8 . 1 . 1 Terminals 6 | . 1 . . . . 1 . . . . 2 1 . . . . 1 . . Fabricators 10 | . . . . . . 3 . 1 . . 2 3 . . . . . . 1 Repair Stations 4 | . . . . . . 3 . . . . . 1 . . . . . . . Recycling Units . | . . . . . . . . . . . . . . . . . . . . Scanalyzers . | . . . . . . . . . . . . . . . . . . . . Garrison Access 4 | . . . . . . 2 . . . . 1 1 . . . . . . . Total Hacks 67 | . 1 . 1 . . 17 . 2 . . 6 16 . . 20 . 3 . 1 Successful 36 | . 1 . 1 . . 4 . . . . 5 4 . . 20 . 1 . . Failed 31 | . . . . . . 13 . 2 . . 1 12 . . . . 2 . 1 Catastrophic 6 | . . . . . . 5 . . . . . . . . . . . . 1 Database Lockouts . | . . . . . . . . . . . . . . . . . . . . Manual 3 | . . . 1 . . . . . . . . . . . 2 . . . . Terminals 8 | . 1 . . . . 1 . . . . 2 1 . . . . 3 . . Fabricators 15 | . . . . . . 4 . 2 . . 3 5 . . . . . . 1 Repair Stations 13 | . . . . . . 7 . . . . . 6 . . . . . . . Recycling Units . | . . . . . . . . . . . . . . . . . . . . Scanalyzers . | . . . . . . . . . . . . . . . . . . . . Garrison Access 10 | . . . . . . 5 . . . . 1 4 . . . . . . . Terminal Hacks 26 | . 1 . 1 . . . . . . . 2 1 . . 20 . 1 . . Record 20 | . . . . . . . . . . . . 1 . . 19 . . . . Open Door 1 | . . . . . . . . . . . . . . . 1 . . . . Open DSF 3 | . . . . . . . . . . . 2 . . . . . 1 . . Scanalyzer Index 1 | . 1 . . . . . . . . . . . . . . . . . . Proto ID Catalog 1 | . . . 1 . . . . . . . . . . . . . . . . Fabricator Hacks 4 | . . . . . . 2 . . . . 2 . . . . . . . . Network Status 2 | . . . . . . 1 . . . . 1 . . . . . . . . Build 2 | . . . . . . 1 . . . . 1 . . . . . . . . Repair Station Hacks 5 | . . . . . . 2 . . . . . 3 . . . . . . . Scan Component 4 | . . . . . . 2 . . . . . 2 . . . . . . . Repair 1 | . . . . . . . . . . . . 1 . . . . . . . Recycling Unit Hacks . | . . . . . . . . . . . . . . . . . . . . Scanalyzer . | . . . . . . . . . . . . . . . . . . . . Garrison Access Hacks 1 | . . . . . . . . . . . 1 . . . . . . . . Seal Access 1 | . . . . . . . . . . . 1 . . . . . . . . Unauthorized Hacks . | . . . . . . . . . . . . . . . . . . . . Terminals . | . . . . . . . . . . . . . . . . . . . . Fabricators . | . . . . . . . . . . . . . . . . . . . . Repair Stations . | . . . . . . . . . . . . . . . . . . . . Recycling Units . | . . . . . . . . . . . . . . . . . . . . Scanalyzers . | . . . . . . . . . . . . . . . . . . . . Garrison Access . | . . . . . . . . . . . . . . . . . . . . Data Cores Recovered 1 | . . . . . . . . . 1 . . . . . . . . . . Used . | . . . . . . . . . . . . . . . . . . . . Hacking Detections 16 | . 1 . . . . 7 . 1 . . 1 4 . . . . 1 . 1 Full Trace Events 3 | . . . . . . 2 . . . . . 1 . . . . . . . Feedback Events 1 | . . . . . . 1 . . . . . . . . . . . . . Corruption 1 | . . . . . . 1 . . . . . . . . . . . . . Feedback Blocked . | . . . . . . . . . . . . . . . . . . . . Robot Schematics Acquired . | . . . . . . . . . . . . . . . . . . . . Robots Built . | . . . . . . . . . . . . . . . . . . . . Authchips . | . . . . . . . . . . . . . . . . . . . . Time . | . . . . . . . . . . . . . . . . . . . . Total Robot Build Rating . | . . . . . . . . . . . . . . . . . . . . Part Schematics Acquired . | . . . . . . . . . . . . . . . . . . . . Parts Built 1 | . . . . . . 1 . . . . . . . . . . . . . Authchips . | . . . . . . . . . . . . . . . . . . . . Time 212 | . . . . . . 84 . . . . 128 . . . . . . . . Total Part Build Rating 4 | . . . . . . 4 . . . . . . . . . . . . . Parts Repaired 1 | . . . . . . . . . . . . 1 . . . . . . . Time 88 | . . . . . . . . . . . . 88 . . . . . . . Parts Recycled . | . . . . . . . . . . . . . . . . . . . . Recycled Matter . | . . . . . . . . . . . . . . . . . . . . Retrieved Matter . | . . . . . . . . . . . . . . . . . . . . Retrieved Components . | . . . . . . . . . . . . . . . . . . . . Parts Scanalyzed . | . . . . . . . . . . . . . . . . . . . . Part Schematics Acquired . | . . . . . . . . . . . . . . . . . . . . Parts Damaged . | . . . . . . . . . . . . . . . . . . . . Bothacking | -11 -10 -10 -10 -9 -8 -7 -7 -7 -6 -6 -6 -5 -5 -5 -5 -4 -4 -4 -3 ------------ Run | Yrd Mat Min Exi Min Mat Fac Was Fac Fac Was Fac Fac Upp Upp War Pro Fac DSF Res Used RIF Installer . | . . . . . . . . . . . . . . . . . . . . Robots Hacked . | . . . . . . . . . . . . . . . . . . . . Non-combat . | . . . . . . . . . . . . . . . . . . . . Combat . | . . . . . . . . . . . . . . . . . . . . Robot Hacks Applied . | . . . . . . . . . . . . . . . . . . . . Relay Couplers Released 2 | . . . . . . . . . . . . 2 . . . . . . . Machine Destruction 2 | . . . . . . . . . . . . 2 . . . . . . . Fabnet Peak Effective % . | . . . . . . . . . . . . . . . . . . . . Robots Rewired . | . . . . . . . . . . . . . . . . . . . . Allies Hacked . | . . . . . . . . . . . . . . . . . . . . Hacks Repelled . | . . . . . . . . . . . . . . . . . . . . Allies | -11 -10 -10 -10 -9 -8 -7 -7 -7 -6 -6 -6 -5 -5 -5 -5 -4 -4 -4 -3 -------- Run | Yrd Mat Min Exi Min Mat Fac Was Fac Fac Was Fac Fac Upp Upp War Pro Fac DSF Res Total Allies 23 | . . 3 . . . . . . . 20 . . . . . . . . . Largest Group 20 | . . 3 3 . . . . . . 20 20 5 . . . . . . . Highest-Rated Group 791 | . . 40 40 . . . . . . 791 790 189 . . . . . . . Highest-Rated Ally 50 | . . 16 16 . . . . . . 50 50 46 . . . . . . . Total Orders . | . . . . . . . . . . . . . . . . . . . . Ally Attacks 216 | . . 10 3 . . . . . . . 159 44 . . . . . . . Total Damage 5682 | . . 94 23 . . . . . . . 4829 736 . . . . . . . Kills 43 | . . 3 . . . . . . . . 29 11 . . . . . . . Allies Corrupted . | . . . . . . . . . . . . . . . . . . . . Allies Melted 2 | . . . . . . . . . . . . . . . 2 . . . . Intel | -11 -10 -10 -10 -9 -8 -7 -7 -7 -6 -6 -6 -5 -5 -5 -5 -4 -4 -4 -3 ------- Run | Yrd Mat Min Exi Min Mat Fac Was Fac Fac Was Fac Fac Upp Upp War Pro Fac DSF Res Active Infowar (turns) 13695 | . . . . 473 1579 2626 362 501 2158 963 900 1088 332 119 1090 678 188 47 591 Optics 3133 | . . . . . 956 . . . . . . . . . 795 678 188 47 469 Sensors 3043 | . . . . 473 623 979 . . 968 . . . . . . . . . . T.N.C. 10664 | . . . . . . 1647 362 501 2158 963 900 1088 332 119 1090 678 188 47 591 Robot Analysis Total . | . . . . . . . . . . . . . . . . . . . . Derelict Logs Recovered 8 | . . 2 . 1 . . . . . . . . 2 1 . 2 . . . Drone Launches . | . . . . . . . . . . . . . . . . . . . . Drone Recoveries . | . . . . . . . . . . . . . . . . . . . . Exploration | -11 -10 -10 -10 -9 -8 -7 -7 -7 -6 -6 -6 -5 -5 -5 -5 -4 -4 -4 -3 ------------- Run | Yrd Mat Min Exi Min Mat Fac Was Fac Fac Was Fac Fac Upp Upp War Pro Fac DSF Res Turns Passed 15577 | 13 73 432 293 704 2091 2954 362 501 2158 963 900 1088 332 119 1090 678 188 47 591 Spaces Moved 15035 | 26 101 578 364 476 1692 3478 461 372 1156 762 734 1142 606 127 1273 861 278 69 479 Core 1698 | 26 79 269 364 422 218 10 . . 83 4 . . . . . . . 18 205 Treads 382 | . . . . 54 29 . . . 299 . . . . . . . . . . Legs 274 | . . . . . . . . . . . . . . . . . . . 274 Wheels . | . . . . . . . . . . . . . . . . . . . . Hover 12294 | . . . . . 1445 3468 461 372 774 728 734 1142 606 127 1273 861 278 25 . Flight 387 | . 22 309 . . . . . . . 30 . . . . . . . 26 . Fastest Speed 30 | 50 40 40 50 50 48 38 56 56 50 40 54 38 42 62 55 58 58 30 50 Average Speed 71 | 50 47 44 50 65 79 50 58 110 150 89 83 56 47 71 68 65 58 47 93 Slowest Speed 550 | 50 50 50 50 160 300 250 116 116 550 120 150 150 62 102 104 104 58 111 120 Overloaded Moves . | . . . . . . . . . . . . . . . . . . . . Propulsion Burnouts . | . . . . . . . . . . . . . . . . . . . . Robots Hopped 9 | . . 6 . . . . . . . . 3 . . . . . . . . Potential Cave-ins 9 | . . . . . . . . . 2 . . . . . 7 . . . . Cave-ins Triggered . | . . . . . . . . . . . . . . . . . . . . Exploration Rate (%) 53 | 3 28 97 70 89 70 67 99 10 29 96 26 26 74 19 90 83 7 80 11 Regions Visited 19 Branch Regions 7 Pre-discovered Areas 2 | . . . . 1 . . . . . . . . . . . 1 . . . Known Exits Taken 9 | . . . . . 1 . . 1 . . 1 1 1 1 1 1 1 . . Unknown Exits Taken 5 | 1 1 1 1 1 . . . . . . . . . . . . . . . Scrap Searched 7 | . . 2 . 1 . . . . . . . . 2 1 . 1 . . . Spaces Dug 102 | . 7 . . . 9 2 . . 53 . 26 2 3 . . . . . . Terrain Destroyed 984 | . 37 98 . . 61 54 238 25 74 17 103 33 11 66 5 148 . 14 . Melee . | . . . . . . . . . . . . . . . . . . . . Projectile 114 | . . . . . . 9 5 1 28 16 21 20 11 2 1 . . . . AOE 869 | . 37 98 . . 61 45 233 24 46 . 82 13 . 64 4 148 . 14 . Terrain Rammed . | . . . . . . . . . . . . . . . . . . . . Walls Destroyed . | . . . . . . . . . . . . . . . . . . . . Machines Disabled . | . . . . . . . . . . . . . . . . . . . . Actions | -11 -10 -10 -10 -9 -8 -7 -7 -7 -6 -6 -6 -5 -5 -5 -5 -4 -4 -4 -3 --------- Run | Yrd Mat Min Exi Min Mat Fac Was Fac Fac Was Fac Fac Upp Upp War Pro Fac DSF Res Total 18991 | 25 115 732 474 853 2266 4439 502 459 1467 993 957 1497 643 146 1468 959 300 78 618 Wait 2809 | . . 141 110 354 368 669 . 86 185 144 162 245 16 6 139 71 15 . 98 Move 15002 | 25 100 566 363 475 1691 3478 460 371 1156 761 728 1141 605 126 1272 860 277 68 479 Hop 7 | . . 5 . . . . . . . . 2 . . . . . . . . Pick Up 69 | . 3 5 1 4 17 14 1 . 4 1 1 1 3 2 2 1 . 2 7 Fast Attach 134 | . . . . . 24 35 3 1 11 14 14 17 3 . 8 . 3 1 . Attach 49 | . 2 2 . 4 12 8 2 . 1 . . . 1 2 3 1 . 3 8 Detach 16 | . . . . . 4 1 3 . 1 . . . 1 . 3 1 . . 2 Swap 60 | . . . . 2 7 19 . . 5 2 5 10 . 1 5 2 2 . . Drop 108 | . . . . . 18 33 1 . 12 9 6 10 4 1 8 . . . 6 Fire 669 | . 10 13 . 14 124 163 32 1 79 35 39 73 9 8 28 23 3 4 11 Melee . | . . . . . . . . . . . . . . . . . . . . Ram 7 | . . . . . . . . . . . . . . . . . . . 7 Kick . | . . . . . . . . . . . . . . . . . . . . Crush . | . . . . . . . . . . . . . . . . . . . . Escape Stasis 32 | . . . . . . 19 . . 13 . . . . . . . . . . Rewire 27 | . . . . . . . . . . 27 . . . . . . . . . Trap 2 | . . . . . 1 . . . . . . . 1 . . . . . . Miscellaneous . | . . . . . . . . . . . . . . . . . . . . Route ------- -11/Scrapyard -10/Materials -10/Mines (discovered 4 exits: [*Mat x2] / *Exi / [*Sub]) -10/Exiles -9/Mines -8/Materials (discovered 2 exits: *Fac x2) -7/Factory (discovered 4 exits: *Fac x2 / *Low x2) -7/Waste -7/Factory (discovered 2 exits: *Fac x2) -6/Factory (discovered 2 exits: *Fac x2) -6/Waste -6/Factory -5/Factory (discovered 2 exits: *Fac / *Upp) -5/Upper Caves -5/Upper Caves -5/Warlord -4/Proximity Caves -4/Factory (discovered 2 exits: Res / DSF) -4/DSF -3/Research History --------- Turn | Location | Event 7 | -11/Scrapyard | Discovered new exit (range 14) 14 | -11/Scrapyard | Entered Materials 82 | -10/Materials | Discovered new exit (range 10) 87 | -10/Materials | Entered Mines 106 | -10/Mines | Met a Derelict bent on vengeance 120 | -10/Mines | Discovered new exit (range 5) 126 | -10/Mines | Assisted by bots powering up and referring to "LRC-V3" 144 | -10/Mines | Learned Materials stockpile data 184 | -10/Mines | Found a hidden stash of uninstalled traps 286 | -10/Mines | Discovered new exit (range 10) 301 | -10/Mines | Build established: Mutant 393 | -10/Mines | Discovered new exit (range 6) 427 | -10/Mines | Found a damaged Exp. Sensor Array with a note attached 429 | -10/Mines | Found Prototype Device 455 | -10/Mines | Deemed a non-threat by the Exiles lab entrance 455 | -10/Mines | Discovered new exit (range 5) 519 | -10/Mines | Entered Exiles 519 | -10/Exiles | Accompanied by 3 allies 533 | -10/Exiles | Met 8R-AWN 570 | -10/Exiles | Met EX-HEX 585 | -10/Exiles | Met EX-BIN 591 | -10/Exiles | Aligned with FarCom system 592 | -10/Exiles | Given EX-Vault access code 603 | -10/Exiles | Opened EX-Vault 606 | -10/Exiles | Found Skeleton Box 618 | -10/Exiles | Warned to stay clear of 0b10 Research branches 625 | -10/Exiles | Exiles lab attacked by MAIN.C 807 | -10/Exiles | Discovered new exit (range 11) 812 | -10/Exiles | Left Exiles lab with Skeleton Box 812 | -10/Exiles | Entered Mines 826 | -9/Mines | Received a Rocket Launcher from a helpful Derelict 1043 | -9/Mines | Identified Exp. Sensor Array 1118 | -9/Mines | Learned location of 1 exit from Materials 1127 | -9/Mines | Learned location of Storage (-9) 1310 | -9/Mines | Core integrity fell below 50% 1329 | -9/Mines | Discovered new exit (range 9) 1454 | -9/Mines | Joined a pair of Derelicts in attacking an 0b10 outpost 1516 | -9/Mines | Entered Materials 1516 | -8/Materials | Evolved 4 slots: Propulsion x2, Utility x2 1517 | -8/Materials | Identified exit to Factory 1852 | -8/Materials | Build established: Skirmisher 1955 | -8/Materials | Discovered exit to Factory (range 14) 2186 | -8/Materials | Core integrity fell below 50% 2227 | -8/Materials | Lost 7 parts (1p2u4w) 2410 | -8/Materials | Build established: Mutant 2528 | -8/Materials | Garrison activated, responded to threat 3173 | -8/Materials | Core integrity fell below 20% 3607 | -8/Materials | Entered Factory 3607 | -7/Factory | Evolved 2 slots: Utility x2 3760 | -7/Factory | Discovered new exit (range 15) 3778 | -7/Factory | Discovered new exit (range 9) 3786 | -7/Factory | Identified exit to Lower Caves 4088 | -7/Factory | Build established: Scout 5278 | -7/Factory | Fabricated Hvy. Rocket Launcher? 5621 | -7/Factory | Build established: Scavenger-Scout 5849 | -7/Factory | Lost 4 parts (3n1u) 6099 | -7/Factory | Build established: Mutant 6235 | -7/Factory | Discovered exit to Lower Caves (range 8) 6267 | -7/Factory | Core integrity fell below 50% 6420 | -7/Factory | Lost 3 parts (1n2u) 6536 | -7/Factory | Discovered new exit (range 14) 6556 | -7/Factory | Identified exit to Factory 6561 | -7/Factory | Sucked down chute 6561 | -7/Factory | Entered Waste 6571 | -7/Waste | Spotted C-40 Crusher 6576 | -7/Waste | EMP discharged 6576 | -7/Waste | System corruption reached 10% 6581 | -7/Waste | Spotted C-40 Crusher 6604 | -7/Waste | Destroyed C-40 Crusher 6616 | -7/Waste | Spotted C-40 Crusher 6632 | -7/Waste | Spotted C-40 Crusher 6645 | -7/Waste | Destroyed C-40 Crusher 6650 | -7/Waste | Destroyed C-40 Crusher 6676 | -7/Waste | EMP discharged 6678 | -7/Waste | Destroyed C-40 Crusher 6684 | -7/Waste | Spotted C-40 Crusher 6719 | -7/Waste | Spotted C-40 Crusher 6735 | -7/Waste | Destroyed C-40 Crusher 6776 | -7/Waste | EMP discharged 6784 | -7/Waste | Destroyed C-40 Crusher 6805 | -7/Waste | Discovered new exit (range 16) 6876 | -7/Waste | EMP discharged 6876 | -7/Waste | System corruption reached 30% 6919 | -7/Waste | Identified exit to Factory 6923 | -7/Waste | Entered Factory 6963 | -7/Factory | Discovered exit to Factory (range 12) 7011 | -7/Factory | Discovered exit to Factory (range 15) 7320 | -7/Factory | Allied Derelicts emerged from ambush trap array 7424 | -7/Factory | Entered another Factory area 7424 | -6/Factory | Evolved 2 slots: Power x1, Propulsion x1 8026 | -6/Factory | Discovered new exit (range 15) 8043 | -6/Factory | Build established: Skirmisher 8702 | -6/Factory | Discovered new exit (range 15) 8937 | -6/Factory | Build established: Scavenger-Mutant 9545 | -6/Factory | Lost 4 parts (2n2u) 9562 | -6/Factory | Build established: Mutant 9582 | -6/Factory | Sucked down chute 9582 | -6/Factory | Entered Waste 9583 | -6/Waste | Joined by Warlord forces that had cleared the area 9682 | -6/Waste | Discovered new exit (range 12) 10012 | -6/Waste | Core integrity fell below 50% 10152 | -6/Waste | Build established: Scavenger-Mutant 10481 | -6/Waste | Identified exit to Factory 10545 | -6/Waste | Entered Factory 10545 | -6/Factory | Accompanied by 20 allies 11051 | -6/Factory | Found Prototype Launcher 11051 | -6/Factory | Identified Rocket Array 11064 | -6/Factory | Found Rocket Array 11170 | -6/Factory | Lost 4 allies 11245 | -6/Factory | First assault squad dispatched 11366 | -6/Factory | Discovered new exit (range 15) 11426 | -6/Factory | Identified exit to Factory 11445 | -6/Factory | Entered another Factory area 11445 | -5/Factory | Accompanied by 5 allies 11445 | -5/Factory | Evolved 2 slots: Propulsion x1, Utility x1 11566 | -5/Factory | Discovered new exit (range 16) 11574 | -5/Factory | Identified exit to Factory 11745 | -5/Factory | First assault squad dispatched 12142 | -5/Factory | Repaired Broken Rocket Array 12156 | -5/Factory | Garrison activated, responded to threat 12372 | -5/Factory | Lost 4 parts (1p3u) 12454 | -5/Factory | Discovered new exit (range 9) 12460 | -5/Factory | Identified exit to Upper Caves 12533 | -5/Factory | Entered Upper Caves 12630 | -5/Upper Caves | Learned Factory garrison access intel 12712 | -5/Upper Caves | Ambushed by wild Derelicts 12732 | -5/Upper Caves | Attracted the attention of an 0b10 checkpoint 12861 | -5/Upper Caves | Discovered new exit (range 6) 12864 | -5/Upper Caves | Identified exit to Upper Caves 12865 | -5/Upper Caves | Entered another Upper Caves area 12866 | -5/Upper Caves | Identified exit to Warlord 12874 | -5/Upper Caves | Learned Factory security intel 12984 | -5/Upper Caves | Entered Warlord 13149 | -5/Warlord | Met Warlord 13174 | -5/Warlord | Warlord's base attacked by MAIN.C 13464 | -5/Warlord | Warlord forces counterattacked 13523 | -5/Warlord | Learned Testing security intel 13523 | -5/Warlord | Learned Factory recycling unit intel 13523 | -5/Warlord | Learned 4 Testing zone layouts 13523 | -5/Warlord | Learned 4 Testing zone layouts 13524 | -5/Warlord | Learned Research trap positions 13524 | -5/Warlord | Learned Quarantine trap positions 13540 | -5/Warlord | Lost 3 allies 13712 | -5/Warlord | Spotted Striker 13722 | -5/Warlord | Build established: Mutant 13782 | -5/Warlord | Spotted Striker 13849 | -5/Warlord | Warlord base infiltrated, sounded retreat 13862 | -5/Warlord | Spotted Striker 13863 | -5/Warlord | Spotted Executioner 13879 | -5/Warlord | Destroyed Executioner 13895 | -5/Warlord | Found Prototype Processor 13895 | -5/Warlord | Identified Exp. Core Analyzer 13904 | -5/Warlord | Found Prototype Ballistic Cannon 13904 | -5/Warlord | Identified Hvy. Autocannon 13905 | -5/Warlord | Lost 5 allies 13992 | -5/Warlord | Spotted Executioner 13993 | -5/Warlord | Discovered new exit (range 14) 14031 | -5/Warlord | Lost 9 allies 14046 | -5/Warlord | Identified exit to Proximity Caves 14074 | -5/Warlord | Spotted Striker 14074 | -5/Warlord | Spotted Striker 14074 | -5/Warlord | Entered Proximity Caves 14111 | -4/Proximity Caves | Learned 4 Research zone layouts 14175 | -4/Proximity Caves | Build established: Scavenger-Mutant 14578 | -4/Proximity Caves | Spotted B-86 Titan 14749 | -4/Proximity Caves | Discovered exit to Factory (range 5) 14752 | -4/Proximity Caves | Entered Factory 14752 | -4/Factory | Evolved 2 slots: Utility x1, Weapon x1 14753 | -4/Factory | Identified exit to Research 14755 | -4/Factory | Loaded intel: 8 recycling unit locations 14756 | -4/Factory | Loaded intel: 4 garrison access locations 14940 | -4/Factory | Identified exit to DSF 14940 | -4/Factory | Entered DSF 14968 | -4/DSF | Additional patrols routed to DSF 14972 | -4/DSF | Discovered exit to Research (range 23) 14987 | -4/DSF | Entered Research 14987 | -3/Research | Evolved 2 slots: Propulsion x1, Weapon x1 14989 | -3/Research | Loaded intel: 59 trap records 15017 | -3/Research | Lost 8 parts (1p3n4w) 15549 | -3/Research | Core integrity fell below 50% 15570 | -3/Research | System corruption reached 10% 15573 | -3/Research | Core integrity fell below 20% 15578 | -3/Research | Destroyed by P-80 Master with Gamma Rifle Last Messages --------------- K-01 Serf collects debris. P-80 Master resets K-01 Serf, system corruption cleaned. K-01 Serf collects debris. Door malfunctions. ALERT: Suspicious intruders detected, dispatching Cutter reinforcements to area. System corrupted: Energy discharge (-31). Slug penetrates Wall. ALERT: Potential suspicious activity detected, Programmers report to Research Zone 5J. P-80 Master shuts down. P-80 Master resets P-80 Master, system corruption cleaned. P-80 Master repels hacking attempt. Adv. Remote Datajack destroyed. [Achievement: 20k Club] Map ----- +----------------------------------------------------+ | ????????????????????????????????# ???????????# | | ????????????????????????????????# ???????????# | | ????????????????????????????????# ???????????# | | ????????????????????????????????/^^^???????????# | | ????????????????????????????????# ???????????# | | ????????????????????????????????# #??????????# | | ????????????????????????????????# #??????????# | | ????????????????????????????????# ##########?# | | ????????????????????????????????# # #?# | | ????????????????????????????????# #! ] #?# | | ????????????????????????????????# # #?# | | ????????????????????????????????# # """ #?# | | ????????????????????????????????+ " """ #?# | | ????????????????????????????????# # """ #?# | | ????????????????????????????????### # ### | | ??????????????????????????????????# # = ! = / | | ??????????????????????????????????# # ### | | ??????????????????????????????????# ##########?# | | ??????????????????????????????????# #??????????##+ | | ???????????????????????########??## ##???????????? | | ???????????????????????# #### #???????????? | | ???????????????????????# pp ph #???????????? | | ???????????????????????# pph#### #???????????? | | ???????????????????????# #??#####???????????? | | ???????????????????????# #??????????????????? | | ???????????????????????# @ #??????????????????? | | ???????????????????????########??????????????????? | | ?????????????????????????????????????????????????? | | ?????????????????????????????????????????????????? | | ?????????????????????????????????????????????????? | | ?????????????????????????????????????????????????? | | ?????????????????????????????????????????????????? | | ?????????????????????????????????????????????????? | | ?????????????????????????????????????????????????? | | ?????????????????????????????????????????????????? | | ?????????????????????????????????????????????????? | | ?????????????????????????????????????????????????? | | ?????????????????????????????????????????????????? | | ?????????????????????????????????????????????????? | | ?????????????????????????????????????????????????? | | ?????????????????????????????????????????????????? | | ?????????????????????????????????????????????????? | | ?????????????????????????????????????????????????? | | ?????????????????????????????????????????????????? | | ?????????????????????????????????????????????????? | | ?????????????????????????????????????????????????? | | ?????????????????????????????????????????????????? | | ?????????????????????????????????????????????????? | | ?????????????????????????????????????????????????? | | ?????????????????????????????????????????????????? | +----------------------------------------------------+ Best States ------------- Heat Dissipation 113 Coolant Potential 65 Energy Generation 37 Energy Capacity 550 Matter Stores 550 Matter Capacity 550 Sight Range 23 Robot Scan Range 20 Terrain Scan Density 10 EM Shielding 2 Armor Coverage 600 Resistance: TH 25 Weapon Cycling 30 Evasion (%) 70 Targeting Accuracy 8 Core Analysis 8 Recoil Reduction 2 Particle Charging 20 Salvage Targeting 1 Defensive Hacking 14 Item Schematics ----------------- None Robot Schematics ------------------ None Fabricated ------------ Hvy. Rocket Launcher | x1 | -7/Factory | Preloaded Repaired ---------- Rocket Array | 1% | -5/Factory | Broken Alien Tech Used ----------------- None Achievements -------------- 20k Club Challenges ------------ None Game ------ Seed FlyingLargeAutohacker Manual? 0 Play Time 02:41:11 Cumulative 170.2 hours Start 2025.10.02 @ 18:02:22 End 2025.10.03 @ 16:01:38 Sessions 2 Manual Loads 0 Difficulty Rogue Special Mode None Game No. 530 Rogue 529 Adventurer 1 Explorer 0 Win Type - Total 0 Types 0/0/0/0/0/0/0/0/0/0 Lore% 60 Gallery% 57 Achievement% 44 Wizard Run 0 Options --------- Layout 1 ASCII 0 Keyboard 0 Movement Mouse Keybinds 0 Fullscreen 2 Font 24/Smallcaps Map View 50x35 Zoom Use 0% Tactical HUD 0 Map Filters NONE Filters NONE Steam 1 RUN: 27fa0885-b57c-4b06-b68b-65cd3063db47